 Dungeon Crawl Stone Soup version 0.28.0-1-gb440e238dd (webtiles) character file.

Game seed: 8491382674633552146

18 Zdeegee the Conjurer (level 2, -13/15 HPs)
             Began as a Deep Elf Conjurer on Feb 20, 2022.
             Mangled by an ogre (17 damage)
             ... on level 4 of the Dungeon.
             The game lasted 00:02:04 (1262 turns).

Zdeegee the Conjurer (Deep Elf Conjurer)            Turns: 1262, Time: 00:02:05

Health: -13/15     AC:  2    Str:  4    XL:     2   Next: 51%
Magic:  8/8        EV: 12    Int: 22    God:
Gold:   31         SH:  0    Dex: 13    Spells: 4/7 levels left

rFire   . . .      SeeInvis .   d - +0 short sword
rCold   . . .      Faith    .   (no shield)
rNeg    . . .      Spirit   .   a - +0 robe
rPois   .          Reflect  .   (no helmet)
rElec   .          Harm     .   (no cloak)
rCorr   .          Rampage  .   (no gloves)
Will    .....                   (no boots)
Stlth   ++........              b - amulet of the acrobat
HPRegen 0.05/turn               (no ring)
MPRegen 0.11/turn               (no ring)

@: no status effects
A: no striking features
a: no special abilities


You were on level 4 of the Dungeon.
You visited 1 branch of the dungeon, and saw 3 of its levels.

You collected 31 gold pieces.

Inventory:

Hand Weapons
 d - a +0 short sword (weapon)
Missiles
 e - 4 stones
Armour
 a - a +0 robe (worn)
Jewellery
 b - an amulet of the acrobat (around neck)
Scrolls
 c - 2 scrolls of fog {unknown}
 h - a scroll of identify {unknown}
 j - a scroll of magic mapping {unknown}
Potions
 f - a potion of invisibility {unknown}
 g - a potion of curing {unknown}
 i - a potion of brilliance {unknown}


   Skills:
 + Level 2.5 Dodging
 + Level 2.5 Stealth
 + Level 3.0 Spellcasting
 + Level 5.1 Conjurations


You had 4 spell levels left.
You knew the following spells:

 Your Spells              Type           Power      Damage    Failure   Level
a - Magic Dart            Conj           100%       1d8       1%          1
b - Searing Ray           Conj           52%        2d6       2%          2

Your spell library contained the following spells:

 Spells                   Type           Power      Damage    Failure   Level
 Dazzling Flash           Conj/Hex       28%        N/A       13%         3
 Ensorcelled Hibernation  Hex/Ice        6%         N/A       19%         2
 Passwall                 Tmut/Erth      2%         N/A       19%         2
 Swiftness                Air            3%         N/A       36%         3
 Fulminant Prism          Conj/Hex       7%         3d7       38%         4
 Iskenderun's Mystic Bla  Conj/Tloc      14%        2d5       38%         4


Dungeon Overview and Level Annotations

Branches:
Dungeon (2/15)

Altars:


Message History

There is an escape hatch in the floor here.
The adder completely misses you.
Found a whip.
The adder misses you.
Found a flail.
The adder bites you.
You are poisoned.
The adder poisons you!
Found 13 gold pieces.
You feel sick.
You feel sick.
A necrophage comes into view.
You feel sick. The adder misses you.
Found 20 gold pieces.
You feel sick. 2 wights and a black bear come into view.
You feel sick.
You are no longer poisoned.
The ogre misses you. The necrophage completely misses you.
The goblin shoots a stone.
The stone closely misses you.
A goblin comes into view. It is wielding a +0 dagger.
The goblin shoots a stone.
The stone misses you.
A hobgoblin comes into view.
The goblin shoots a stone.
The stone completely misses you.
Found a stone staircase leading down and a stone staircase leading up.
The hobgoblin shouts!
The goblin shouts!
You hear a shout!
The goblin shoots a stone.
The stone completely misses you.
The goblin shoots a stone.
The stone hits you but does no damage. The goblin misses you.
You barely miss the goblin.
The goblin shoots a stone.
The stone hits you.
* * * LOW HITPOINT WARNING * * *
The goblin hits you with a +0 dagger.
* * * LOW HITPOINT WARNING * * *
The necrophage barely misses you. The goblin completely misses you.
The adder misses you. The goblin completely misses you.
There is a stone staircase leading up here.
The ogre hits you with a +0 giant spiked club!
Ouch! That really hurt!
You die...

#.#................##.. .
#.........g..........#r
..#...............###.###
...................#...##
.......zg.........###....
......g..###......# ##...
.......n.##.......# ##..#
.......gOS##.....###.....
........@##.............#
.........#..............#
..............#..........
........##...............
.....#..#...........#####
...##.. ..........######
... #.. ...........>#...
.. ... ##..............
#.............g


You could see an ogre, a necrophage, a wight, an adder, 2 hobgoblins and a
goblin.

Vanquished Creatures
  A dart slug (D:1)
  5 bats (D:1)
  2 goblins (D:1)
  3 hobgoblins (D:1)
  A kobold (D:1)
  A ball python (D:1)
  3 rats (D:1)
16 creatures vanquished.

Notes
Turn   | Place    | Note
-------+----------+-------------------------------------------
     0 | D:1      | Zdeegee the Deep Elf Conjurer began the quest for the Orb.
     0 | D:1      | Reached XP level 1. HP: 10/10 MP: 6/6
   172 | D:1      | Found a faded altar of an unknown god.
   256 | D:1      | Reached XP level 2. HP: 14/15 MP: 1/8
   259 | D:1      | Learned a level 2 spell: Searing Ray
   360 | D:1      | Reached skill level 5 in Conjurations
  1197 | D:2      | You fall into a shaft and drop 2 floors!
  1197 | D:4      | Noticed an ogre
  1245 | D:4      | Noticed a necrophage
  1247 | D:4      | Noticed a wight
  1247 | D:4      | Noticed a wight
  1247 | D:4      | Noticed a black bear
  1262 | D:4      | Mangled by an ogre

Illustrated notes

Levels and vault maps discovered:
D:1:      psy_arrival_conway, layout_basic,
          ebering_ecumenical_altar_sacrificial, serial_forest,
          infiniplex_forest_straight_4, infiniplex_forest_diagonal,
          infiniplex_forest_corner_2, infiniplex_forest_lined_2,
          infiniplex_forest_pool, infiniplex_forest_zigzag_1,
          infiniplex_forest_lined_corner, minmay_ruptured
D:2:      layout_rooms, uniq_robin, uniq_terence
D:4:      layout_cave_pools, lemuel_doored_altar, serial_shops, shop_statue,
          minivault_24

Skill      XL: |  1  2 |
---------------+-------+-----
Conjurations   | 5 |  5.1
Dodging        | |  2.5
Stealth        | |  2.5
Spellcasting   | |  3.0

Action                   || total
-------------------------++-------
Melee: Short sword       ||     1
 Cast: Magic Dart        ||    27
Armor: Robe              ||     2
Dodge: Dodged            ||    27
